 Dungeon Crawl Stone Soup version 0.32-a0-22-g6ae6769602 (webtiles) character file.

Game seed: 10224721338548542128

5411 jasper the Grappler (level 10, -1/102 HPs)
             Began as a Troll Cinder Acolyte on Jan 18, 2024.
             Was a High Priest of Ignis.
             Slain by Amaemon
             ... wielding a -1 demon whip of venom
              (12 damage)
             ... on level 8 of the Dungeon.
             The game lasted 00:08:24 (5096 turns).

jasper the Grappler (Troll Cinder Acolyte)          Turns: 5096, Time: 00:08:24

Health: -1/102     AC:  9    Str: 28    XL:     10   Next: 40%
Magic:  10/10      EV:  9    Int: 10    God:    Ignis [*****.]
Gold:   426        SH:  0    Dex:  5    Spells: 11/11 levels left

rFire   + .          .
                       - Unarmed
rCold   . . .        (no shield)
rNeg    + . .        B - +0 steam dragon scales
rPois   +            (helmet restricted)
rElec   +            t - +1 cloak
rCorr   +            (gloves unavailable)
SInv    +            (boots unavailable)
Will    .....        (no amulet)
Stlth   +            j - ring of resist corrosion
HPRegen 1.17/turn    h - ring "Vuzuhiaf" {rElec rPois rN+ SInv}
MPRegen 0.12/turn

%: no passive effects
@: lethally poisoned (-1 -> -6)
A: large, unfitting armour, claws 3, regeneration 1, shaggy fur 1, tough skin 1
a: Renounce Religion, Fiery Armour, Foxfire Swarm, Rising Flame


You were on level 8 of the Dungeon.
You worshipped Ignis.
Ignis was extremely pleased with you.
You visited 1 branch of the dungeon, and saw 8 of its levels.

You collected 426 gold pieces.

Inventory:

Hand Weapons
 m - a +2 dagger of protection
Missiles
 g - 9 boomerangs (quivered)
 k - 2 atropa-tipped darts
 o - 53 stones
 p - 29 poisoned darts
 A - a curare-tipped dart
Armour
 a - a +1 robe
 t - a +1 cloak (worn)
 B - +0 steam dragon scales (worn)
Jewellery
 h - the ring "Vuzuhiaf" (right claw) {rElec rPois rN+ SInv}
   (You acquired it on level 5 of the Dungeon)

   [ring of positive energy]

   rElec:     It insulates you from electricity.
   rPois:     It protects you from poison rN+: It protects you from negative
   energy.
   SInv:      It lets you see invisible.
 j - a ring of resist corrosion (left claw)
Talismans
 E - a flux talisman
Wands
 s - a wand of flame (34)
 w - a wand of polymorph (10)
 y - a wand of iceblast (23)
Scrolls
 b - 6 scrolls of teleportation
 c - 3 scrolls of noise
 u - a scroll of fog
 v - a scroll of amnesia
 z - 2 scrolls of identify
 C - a scroll of enchant weapon {unknown}
 D - a scroll of poison
 F - a scroll of vulnerability
Potions
 e - 2 potions of ambrosia
 f - a potion of resistance {unknown}
 i - a potion of mutation {unknown}
 l - 2 potions of brilliance {unknown}
 n - a potion of curing {unknown}
 q - 2 potions of enlightenment {unknown}
 r - 2 potions of berserk rage {unknown}
 x - 2 potions of attraction {unknown}


   Skills:
 - Level 7.2 Fighting
 - Level 11.7 Unarmed Combat
 - Level 1.0 Spellcasting
 - Level 2.1 Fire Magic
 + Level 6.3 Shapeshifting


You had 11 spell levels left.
You didn't know any spells.
Your spell library contained the following spells:

 Spells                   Type           Power      Damage    Failure   Level
 Scorch                   Fire           8%         2d5       22%         2
 Ensorcelled Hibernation  Hex/Ice        0%         N/A       45%         2
 Jinxbite                 Hex            0%         N/A       45%         2
 Fugue of the Fallen      Necr           0%         N/A       71%         3
 Anguish                  Hex/Necr       0%         N/A       98%         4
 Yara's Violent Unravell  Hex/Alch       0%         3d3       100%        5
 Enfeeble                 Hex            0%         N/A       100%        7


Dungeon Overview and Level Annotations

Branches:
Dungeon (8/15)
 Temple: D:4-7         Lair: D:8-11

Altars:
Dithmenos
Uskayaw
The Shining One

Shops:
D:5 =   D:6 (

Annotations:
D:6 Jeremiah
D:8 Amaemon


Innate Abilities, Weirdness & Mutations

You are too large for most types of armour.
You have claws for hands.
Your natural rate of healing is unusually fast.
You are covered in fur. (AC +1)
You have tough skin. (AC +1)


Message History

Amaemon is almost dead.
You feel sick. The scorpion barely misses you.
The scorpion stings you but does no damage.
The scorpion stings you.
* * * LOW HITPOINT WARNING * * *
The scorpion closely misses you.
The scorpion stings you but does no damage.
Amaemon hits you with a -1 demon whip of venom.
* * * LOW HITPOINT WARNING * * *
Amaemon claws you.
* * * LOW HITPOINT WARNING * * *
Amaemon closely misses you.
You take 3 damage, and have 14/102 hp.
You claw the scorpion!
The scorpion is severely wounded.
You feel sick. The scorpion barely misses you.
The scorpion stings you but does no damage. x4
You regained 4 hp, and now have 18/102 hp.
You're too confused to move!
You feel sick.
The scorpion stings you but does no damage.
Amaemon hits you with a -1 demon whip of venom!
* * * LOW HITPOINT WARNING * * *
Amaemon completely misses you. Amaemon tail-slaps you.
* * * LOW HITPOINT WARNING * * *
The scorpion stings you but does no damage. x4
The scorpion stings you.
* * * LOW HITPOINT WARNING * * *
You are more poisoned.
The scorpion poisons you!
You take 9 damage, and have 9/102 hp.
It was a potion of cancellation.
Your magical effects are unravelling.
You feel magically purged.
You feel less invigorated.
You feel less confused.
Your attacks no longer feel as feeble.
You feel very sick.
The scorpion stings you but does no damage.
The scorpion barely misses you.
The scorpion stings you but does no damage.
Amaemon hits you with a -1 demon whip of venom!
You die...

....... .......
.+ #......##
...# #.......#
...# #.......##
...#
##....$(.##...+
#.....6ss.[..#
#....ss@...#.#
###...ss...#.#
#......))..#
##.#...#)..+
###...##..+ .
#...#...###
#.###
##........#
#....#
#.........#
+.....
##......###
+####


You could see Amaemon and 6 scorpions.

Vanquished Creatures
  A two-headed ogre (D:8)
  Joseph (D:7)
  An orange demon (D:8)
  Prince Ribbit (D:8)
  Sigmund (D:4)
  5 yaks (D:8)
  A steam dragon (D:7)
  A water moccasin (D:8)
  5 black bears
  An ice beast (D:5)
  3 orc warriors
  2 sky beasts
  2 ogres
  A centaur (D:7)
  3 phantoms
  A kobold brigand (D:7)
  2 scorpions
  A gnoll sergeant (D:5)
  4 wights (D:6)
  A bombardier beetle (D:4)
  2 hounds (D:4)
  6 orc priests
  3 jellies
  Crazy Yiuf (D:4)
  3 iguanas
  4 orc wizards
  2 sleepcaps (D:5)
  Natasha (thrice) (D:4)
  6 gnolls
  11 adders
  2 ufetubi (D:5)
  2 dart slugs
  2 ribbon worms (D:3)
  27 orcs
  12 endoplasms
  7 hobgoblins
  8 jackals
  4 quokkas
  8 ball pythons
  4 bats
  4 frilled lizards
  17 goblins
  14 kobolds
  2 rats
192 creatures vanquished.

Notes
Turn   | Place    | Note
-------+----------+-------------------------------------------
     0 | D:1      | jasper the Troll Cinder Acolyte began the quest for the
                  | Orb.
     0 | D:1      | Reached XP level 1. HP: 22/22 MP: 1/1
   125 | D:1      | Reached XP level 2. HP: 29/29 MP: 2/2
   659 | D:2      | Reached XP level 3. HP: 36/36 MP: 3/3
   792 | D:2      | Reached skill level 4 in Unarmed Combat
  1468 | D:3      | Reached XP level 4. HP: 45/45 MP: 4/4
  1591 | D:3      | Found a shadowy altar of Dithmenos.
  2150 | D:4      | Reached skill level 5 in Unarmed Combat
  2150 | D:4      | Reached XP level 5. HP: 48/53 MP: 5/5
  2222 | D:4      | Noticed a phantom
  2235 | D:4      | Killed a phantom
  2260 | D:4      | Reached XP level 6. HP: 35/62 MP: 6/6
  2270 | D:4      | Reached skill level 6 in Unarmed Combat
  2317 | D:4      | Noticed Natasha
  2326 | D:4      | Killed Natasha
  2343 | D:4      | Noticed Natasha
  2349 | D:4      | Killed Natasha
  2350 | D:4      | Reached XP level 7. HP: 71/71 MP: 7/7
  2388 | D:4      | Noticed Natasha
  2395 | D:4      | Killed Natasha
  2453 | D:4      | Reached skill level 7 in Unarmed Combat
  2595 | D:4      | Found a runed translucent door.
  2596 | D:4      | Noticed Crazy Yiuf
  2670 | D:4      | Noticed Sigmund
  2680 | D:4      | Killed Sigmund
  2747 | D:4      | Killed Crazy Yiuf
  2787 | D:5      | Entered Level 5 of the Dungeon
  2890 | D:5      | Reached skill level 5 in Fighting
  2890 | D:5      | Reached skill level 8 in Unarmed Combat
  2923 | D:5      | Reached XP level 8. HP: 41/80 MP: 8/8
  3057 | D:5      | Reached skill level 9 in Unarmed Combat
  3305 | D:5      | Found Muvyhaj's Jewellery Boutique.
  3490 | D:5      | Identified a scroll of acquirement
  3490 | D:5      | Acquired the ring "Vuzuhiaf" {rElec rPois rN+ SInv}
  3552 | D:6      | Found Pouter's Weapon Boutique.
  3593 | D:6      | Reached skill level 10 in Unarmed Combat
  3729 | D:6      | Reached XP level 9. HP: 88/89 MP: 9/9
  3802 | D:6      | Noticed Jeremiah
  3883 | D:7      | Noticed Joseph
  3904 | D:7      | Killed Joseph
  4109 | D:7      | Reached skill level 11 in Unarmed Combat
  4185 | D:7      | Found a glowing golden altar of the Shining One.
  4185 | D:7      | Found a hide-covered altar of Uskayaw.
  4832 | D:8      | Reached skill level 1 in Shapeshifting
  4868 | D:8      | Reached XP level 10. HP: 95/102 MP: 10/10
  4942 | D:8      | Noticed Prince Ribbit
  4949 | D:8      | Killed Prince Ribbit
  4983 | D:8      | Noticed a two-headed ogre
  4992 | D:8      | Killed a two-headed ogre
  4993 | D:8      | Reached skill level 5 in Shapeshifting
  5063 | D:8      | Noticed an orange demon
  5072 | D:8      | Noticed Amaemon
  5075 | D:8      | Killed an orange demon
  5096 | D:8      | Slain by Amaemon

Illustrated notes

Levels and vault maps discovered:
D:1:      lemuel_arrival_funnel, layout_loops_ring
D:2:      layout_basic
D:3:      minmay_chambers_of_threes, layout_rooms, grunt_dithmenos_smoke
D:4:      layout_rooms, st_stairs_12, uniq_crazy_yiuf_cottage, uniq_sigmund,
          uniq_natasha
D:5:      layout_basic, nicolae_take_the_stairs
D:6:      layout_basic, minmay_temple_entry_crystal_x, serial_shops, shop,
          minmay_divided_ellipse, uniq_jeremiah
D:7:      layout_basic, grunt_temple_overflow_open, grunt_ministairs_15,
          abandoned_shop, nicolae_zig_zag_zippers, uniq_joseph
D:8:      corexii_shantytown, layout_cave_pools, centaur_isle,
          uniq_prince_ribbit1, uniq_amaemon, uniq_psyche

Skill      XL: |  1  2  3  4  5  6  7  8  9 10 |
---------------+-------------------------------+-----
Unarmed Combat | 4 5 6 8 10 11 | 11.7
Fighting       | 3 4 5 6 7 |  7.2
Shapeshifting  | 3 6 |  6.3
Spellcasting   | |  1.0
Fire Magic     | |  2.1

Action                     |  1- 3 |  4- 6 |  7- 9 | 10-12 || total
---------------------------+-------+-------+-------+-------++-------
  Melee: Unarmed           |    91 |   116 |   222 |    70 ||   499
         Punch             |     1 |     4 |    12 |     6 ||    23
  Throw: Boomerang         |    10 |    17 |    19 |     6 ||    52
 Invoke: Fiery Armour      |       |     1 |       |       ||     1
    Use: Scroll            |       |     7 |     5 |       ||    12
         Potion            |       |       |       |     2 ||     2
 Armour: Robe              |    62 |    53 |   118 |       ||   233
         Steam dragon scal |       |       |    26 |   109 ||   135
  Dodge: Dodged            |    42 |    45 |    85 |    43 ||   215

Table legend: (Time is in decaauts)
 A = Elapsed time spent in this place.
 B = Non-inter-level travel time spent in this place.
 C = Inter-level travel time spent in this place.
 D = Time resting spent in this place.
 E = Time spent auto-exploring this place.
 F = Levels seen in this place.
 G = Mean time per level.
                   A        B        C        D        E       F      G
               +--------+--------+--------+--------+--------+-----+--------+
         Total |   5037 |   4796 |    241 |    237 |   3321 |   8 |  629.6 |
       Dungeon |   5037 |   4796 |    241 |    237 |   3321 |   8 |  629.6 |
               +--------+--------+--------+--------+--------+-----+--------+

Top non-repeatable levels by time:
     D:7: 942 daAuts
     D:2: 810 daAuts
     D:5: 749 daAuts
     D:4: 688 daAuts
     D:3: 669 daAuts
     D:1: 606 daAuts
     D:6: 312 daAuts
     D:8: 259 daAuts
